Map: Opérations galactiques EC

Players

zidar

  • Race: Zerg Zerg
  • League: Platinum
  • Spawn Location: 7:00

MAD - Winner!

  • Race: Terran Terran
  • Spawn Location: 1:00

VOD

Have the link to the VOD?

Description

Time

  • Played on: Oct. 19, 2016, 2:23 p.m.
  • Length: 15:36
Show
View Real Time Build Order
Export as new Build Order

zidar Zerg 

Build Orders: Hatch First 

Get SALT Encoding   

  12  0:01  Drone  
  13  0:13  Overlord  
  13  0:17  Drone  
  14  0:31  Drone x2  
  16  0:52  Hatchery  
  16  0:56  Extractor, Drone  
  15  1:00  Drone  
  16  1:20  Spawning Pool  
  16  1:21  Drone  
  16  1:26  Drone  
  16  1:31  Drone  
  18  1:37  Drone  
  18  2:06  Queen  
  18  2:07  Queen  
  22  2:09  Zergling x4  
  22  2:13  Metabolic Boost  
  24  2:17  Zergling x2  
  24  2:21  Drone  
  26  2:24  Drone  
  27  2:31  Overlord  
  26  3:03  Zergling x12  
  25  3:34  Zergling x12  
  26  4:00  Zergling x2  
  26  4:01  Zergling x10  
  27  4:18  Roach Warren  
  25  4:29  Spine Crawler  
  24  4:36  Spine Crawler  
  24  4:38  Zergling x10  
  21  5:04  Roach x4  
  28  5:21  Overlord  
  26  5:43  Roach Warren, Zergling x2  
  26  5:44  Zergling x4  
  20  6:10  Zergling x6  
  19  6:26  Roach x4  
  27  6:41  Roach  
  29  6:57  Roach  
  26  7:18  Ravager  
  27  7:23  Roach x4  
  27  7:59  Drone x3  
  27  8:01  Overlord  
  27  8:02  Overlord x2  
  31  8:20  Ravager  
  28  8:36  Roach x3  
  34  8:49  Ravager  
  34  8:52  Ravager, Hatchery  
  35  9:02  Queen, Drone x2  
  39  9:51  Drone x3  
  42  10:01  Drone  
  42  10:05  Drone  
  44  10:26  Drone x5  
  44  10:27  Queen  
  51  10:33  Overlord  
  51  10:53  Lair  
  51  10:54  Hatchery  
  50  11:06  Drone x4  
  54  11:17  Pneumatized Carapace  
  54  11:34  Drone x5  
  54  11:35  Drone  
  60  11:41  Extractor x2  
  60  11:43  Extractor  
  57  11:57  Overlord  
  57  11:58  Overlord x2  
  57  12:00  Queen  
  59  12:13  Drone  
  59  12:14  Drone x3  
  61  12:35  Queen  
  63  12:38  Roach x6  
  75  13:00  Evolution Chamber  
  75  13:04  Drone x9  
  55  14:02  Drone  
  54  14:03  Drone x14  
  54  14:04  Drone x5  
  73  14:13  Roach x2  
  77  14:18  Queen  
  77  14:23  Extractor  
  78  14:28  Extractor  
  77  14:32  Roach x5  
  87  14:39  Ravager  
  87  14:43  Roach  
  90  14:46  Overlord x3  
  90  15:02  Evolution Chamber  
  90  15:06  Roach x4  
  90  15:07  Roach x4  
Show
View Real Time Build Order
Export as new Build Order

MAD Terran - Winner!

Build Orders:  

Get SALT Encoding   

  12  0:02  SCV  
  13  0:14  SCV  
  13  0:17  Supply Depot  
  14  0:26  SCV  
  15  0:39  SCV  
  15  0:42  Supply Depot  
  16  1:03  SCV  
  17  1:10  Barracks  
  17  1:15  Barracks  
  17  1:26  Supply Depot  
  17  1:34  Barracks  
  17  1:43  Barracks  
  17  2:00  Marine  
  18  2:04  Marine  
  19  2:10  Bunker  
  19  2:20  Supply Depot  
  19  2:22  Marine  
  20  2:24  Marine  
  21  2:30  Marine  
  21  2:33  Marine  
  23  2:40  Marine  
  24  2:53  Marine x3  
  26  3:03  Marine  
  27  3:09  Bunker  
  27  3:10  Marine  
  27  3:29  Marine  
  27  3:30  Marine x3  
  31  3:47  Marine  
  31  3:48  Marine x2  
  33  3:52  SCV, Bunker  
  34  4:02  Marine  
  35  4:04  SCV  
  35  4:05  Marine  
  29  4:14  Marine x2  
  30  4:20  Marine  
  31  4:30  Refinery  
  32  4:33  Orbital Command  
  32  4:35  Marine  
  32  4:37  Marine x2  
  34  4:48  Bunker  
  33  5:01  Marine  
  33  5:02  Marine x3  
  37  5:19  Marine x2  
  39  5:25  Marine  
  39  5:26  Marine  
  34  5:43  Command Center  
  31  6:02  Bunker  
  29  6:12  SCV  
  26  6:19  Marine  
  26  6:20  Marine  
  26  6:21  Marine x2  
  28  6:25  SCV  
  28  6:29  Factory  
  28  6:30  Refinery  
  28  6:34  Barracks  
  28  6:37  Marine  
  28  6:38  Marine  
  30  6:41  Marine  
  30  6:42  Marine  
  32  6:48  SCV  
  33  6:55  Marine  
  30  7:11  Marine  
  30  7:12  Marine x2  
  30  7:13  Marine  
  34  7:19  SCV  
  34  7:20  Factory Tech Lab  
  35  7:23  Barracks Reactor  
  35  7:24  Orbital Command  
  35  7:25  Starport  
  34  7:50  Liberator  
  29  8:06  Siege Tank  
  29  8:11  SCV  
  36  8:14  Command Center  
  36  8:15  Marine  
  37  8:23  SCV  
  37  8:30  Orbital Command  
  37  8:34  Marine x2  
  32  8:35  SCV  
  37  8:41  Siege Tank  
  37  8:55  SCV  
  38  8:56  Marine x2  
  38  8:58  Medivac  
  38  8:59  Barracks, Bunker  
  42  9:06  SCV  
  43  9:12  SCV  
  44  9:18  Supply Depot  
  44  9:21  Marine x2  
  44  9:22  Siege Tank  
  44  9:23  Supply Depot  
  49  9:25  SCV  
  50  9:40  SCV x2  
  50  9:42  Orbital Command  
  49  9:46  Medivac  
  49  9:47  Marine  
  49  9:50  Barracks Tech Lab  
  49  9:52  SCV x2  
  54  10:02  Refinery  
  54  10:03  Refinery  
  54  10:04  SCV  
  55  10:19  Stimpack  
  55  10:20  Marine, Orbital Command  
  55  10:21  Marine x2  
  58  10:22  Siege Tank  
  58  10:24  Starport Reactor  
  58  10:26  SCV x2  
  63  10:38  Engineering Bay  
  63  10:41  Marine  
  63  10:42  Marine  
  65  10:43  Barracks Tech Lab  
  65  10:44  Barracks Tech Lab, Engineering Bay  
  65  10:57  SCV x3  
  65  10:59  Barracks Tech Lab, Barracks Reactor  
  68  11:04  Combat Shield  
  68  11:05  Concussive Shells  
  68  11:10  Marine  
  71  11:11  Marauder x2  
  71  11:12  Marauder  
  71  11:15  Medivac  
  77  11:22  SCV x2  
  77  11:23  Marine x2  
  77  11:24  SCV  
  82  11:34  SCV  
  83  11:40  SCV x2  
  83  11:42  Terran Infantry Armor Level 1, Terran Infantry Weapons Level 1  
  83  11:43  Refinery  
  85  11:48  Refinery  
  85  11:54  Sensor Tower  
  85  12:13  Supply Depot x2  
  85  12:14  Supply Depot  
  85  12:15  Supply Depot  
  85  12:26  Marine  
  85  12:34  SCV x2  
  85  12:35  Marine x3, Marauder x4, SCV  
  99  12:38  Armory  
  99  12:44  Marine  
  99  12:46  SCV  
  101  12:52  SCV x2  
  101  12:53  Marine  
  101  12:54  Marine x2  
  101  12:56  Marauder x3  
  101  12:57  Marauder  
  114  12:58  SCV  
  114  13:03  Armory  
  114  13:05  Supply Depot  
  115  13:09  Liberator, Supply Depot x2  
  115  13:10  Supply Depot  
  115  13:13  Liberator  
  115  13:17  Marauder  
  117  13:26  Marine  
  125  13:27  Marauder x2  
  125  13:30  Marine  
  125  13:31  Marauder  
  122  13:51  Marine x3  
  122  13:52  Marauder x2  
  122  14:17  Starport  
  122  14:19  Starport  
  122  14:35  Command Center  
  122  15:02  Marine x3  
  122  15:03  Marine x3  
  122  15:04  Marauder x2  
Tags
 
Add a new tag
Caveats
  • Supply blocks, unpowered buildings, or Contaminate may cause inaccurate times.
  • Supply counts are checked every 10 seconds.